Map: Blackpink LE

Players

CinDra

  • Race: Zerg Zerg
  • League: Bronze
  • Spawn Location: 7:00

Udoson - Winner!

  • Race: Terran Terran
  • League: Gold
  • Spawn Location: 1:00

VOD

Have the link to the VOD?

Description

Time

  • Played on: Feb. 11, 2018, 12:25 a.m.
  • Length: 14:53
Show
View Real Time Build Order
Export as new Build Order

CinDra Zerg 

Build Orders: Hatch First 

Get SALT Encoding   

  12  0:01  Drone  
  13  0:12  Overlord  
  13  0:19  Drone  
  14  0:31  Drone x2  
  16  0:38  Drone  
  17  0:54  Hatchery  
  17  0:56  Drone  
  18  1:04  Drone  
  18  1:15  Spawning Pool  
  18  1:17  Drone  
  18  1:23  Overlord  
  18  1:34  Drone  
  19  1:40  Drone  
  20  1:50  Drone, Extractor  
  20  2:02  Zergling x2  
  20  2:03  Queen  
  20  2:06  Queen  
  20  2:07  Zergling x2  
  26  2:14  Drone  
  27  2:18  Drone  
  27  2:19  Extractor  
  27  3:01  Drone  
  27  3:02  Drone x5  
  27  3:03  Metabolic Boost  
  33  3:15  Drone x2  
  35  3:23  Zergling x2  
  35  3:24  Roach Warren, Overlord, Zergling x2  
  36  3:38  Extractor  
  36  3:41  Lair, Extractor  
  35  3:45  Pneumatized Carapace  
  34  3:55  Zergling x10  
  38  3:56  Zergling x4  
  38  4:02  Drone x3  
  44  4:24  Overlord x6  
  44  4:52  Overseer  
  42  5:14  Zergling x14  
  39  5:15  Zergling x10  
  47  5:39  Spire  
  46  5:54  Roach x5  
  46  5:55  Roach  
  58  6:05  Drone  
  58  6:07  Drone  
  60  6:20  Drone x2  
  60  6:22  Drone x5  
  67  6:38  Drone x2  
  69  6:52  Hatchery  
  68  7:04  Zerg Flyer Weapons Level 1, Mutalisk  
  68  7:05  Mutalisk x5  
  80  7:09  Drone  
  80  7:13  Drone x2  
  83  7:36  Drone x3  
  77  8:09  Queen  
  77  8:11  Drone x9  
  88  8:15  Overlord  
  88  8:16  Overlord  
  88  8:35  Drone x3  
  88  8:36  Drone  
  88  8:38  Overseer  
  88  8:41  Roach x5  
  94  8:42  Roach x3  
  94  8:46  Overseer  
  108  9:00  Evolution Chamber  
  108  9:01  Evolution Chamber  
  106  9:04  Mutalisk x3  
  112  9:19  Extractor  
  112  9:23  Extractor  
  110  9:27  Zerg Missile Weapons Level 1, Zerg Ground Armor Level 1  
  110  9:29  Mutalisk  
  112  9:33  Overlord x5  
  112  9:34  Overlord x11  
  112  9:58  Mutalisk  
  112  9:59  Mutalisk x8  
  124  10:00  Mutalisk  
  124  10:38  Mutalisk  
  124  10:39  Mutalisk x11  
  142  11:31  Zerg Ground Armor Level 2, Zerg Missile Weapons Level 2  
  142  11:34  Zerg Flyer Armor Level 1  
  142  11:44  Drone x4  
  142  11:45  Drone  
  142  11:46  Roach x9  
  142  11:47  Roach x2  
  169  11:51  Zergling x4  
  153  12:58  Baneling Nest, Zergling x18  
  161  13:14  Glial Reconstitution  
  130  13:47  Zergling x6  
  130  13:48  Zergling x34  
  104  13:49  Zergling x2  
  96  14:00  Roach  
  96  14:01  Roach x2  
  101  14:15  Baneling x2  
  101  14:16  Baneling x11  
  101  14:17  Baneling x3  
  81  14:24  Roach  
  81  14:25  Roach x7  
Show
View Real Time Build Order
Export as new Build Order

Udoson Terran - Winner!

Build Orders: Reaper Expand 

Get SALT Encoding   

  12  0:01  SCV  
  13  0:14  SCV  
  14  0:18  Supply Depot  
  14  0:26  SCV  
  15  0:29  Refinery  
  15  0:42  Barracks  
  15  0:46  SCV  
  16  0:58  SCV  
  17  1:12  SCV  
  18  1:29  Reaper  
  19  1:35  Command Center  
  19  1:44  SCV  
  20  1:54  Barracks  
  20  2:01  Barracks Reactor  
  20  2:08  Factory  
  20  2:17  SCV  
  21  2:29  SCV  
  22  2:41  SCV  
  23  2:57  Supply Depot  
  23  3:01  Starport  
  23  3:03  Marine  
  23  3:04  Marine x2  
  26  3:08  Widow Mine  
  26  3:10  SCV  
  29  3:18  SCV  
  30  3:23  Orbital Command  
  30  3:39  Marine x3  
  33  3:42  Medivac  
  33  3:47  Refinery  
  35  3:52  Engineering Bay x2  
  35  3:57  Marine  
  35  4:00  Marine x2  
  38  4:15  Marine  
  39  4:17  Marine  
  40  4:27  Barracks Tech Lab  
  40  4:33  Medivac  
  40  4:34  Barracks  
  40  4:37  Barracks  
  41  5:06  Marine  
  41  5:07  Marine x2  
  41  5:24  Marine x3  
  40  5:30  Widow Mine  
  40  5:34  Barracks Reactor x2  
  40  5:36  Terran Infantry Weapons Level 1  
  40  5:43  Marauder  
  40  5:44  Refinery, SCV x2  
  40  5:45  Refinery  
  44  5:52  Widow Mine  
  46  6:04  Combat Shields  
  46  6:16  Supply Depot  
  46  6:17  Supply Depot  
  46  6:25  Supply Depot  
  46  6:38  Marauder, SCV x2  
  50  6:44  Missile Turret  
  50  6:49  Supply Depot x3  
  50  6:50  SCV x2  
  52  6:59  Marauder  
  54  7:02  Marine x5, SCV x2  
  54  7:03  Marine  
  62  7:10  Starport Reactor  
  62  7:13  Supply Depot  
  62  7:14  SCV x2  
  64  7:19  Starport  
  64  7:20  Marine x3  
  64  7:21  Marauder  
  69  7:30  Widow Mine  
  71  7:42  Marauder  
  71  7:43  Supply Depot  
  73  7:51  Bunker  
  73  7:52  Widow Mine  
  75  8:13  Missile Turret, Widow Mine  
  77  8:20  Marine  
  77  8:21  Marine x6  
  84  8:34  Widow Mine  
  84  8:38  Marine x2  
  84  8:39  Marine  
  89  8:44  Starport Reactor  
  89  8:54  Terran Infantry Armor Level 1  
  89  8:56  Widow Mine  
  89  9:00  Armory  
  91  9:04  Orbital Command  
  91  9:17  Widow Mine  
  93  9:34  Command Center  
  93  9:40  SCV x2  
  93  9:42  Supply Depot  
  95  9:52  SCV x2  
  97  10:04  SCV x2, Supply Depot  
  99  10:07  Medivac  
  99  10:08  Medivac x3  
  99  10:10  Marine x4  
  99  10:11  Marauder, Marine x2  
  115  10:16  SCV  
  116  10:28  Marine x4  
  117  10:33  Marauder  
  111  10:42  Factory Reactor  
  111  10:51  Orbital Command  
  111  10:54  Marauder  
  113  10:58  Missile Turret  
  113  11:00  Marine x5  
  113  11:01  Marine  
  119  11:15  Marine  
  119  11:18  Marine x2  
  121  11:22  Missile Turret  
  124  11:26  Widow Mine x2  
  124  11:30  SCV  
  127  11:33  Marauder  
  127  11:38  Missile Turret  
  129  11:41  Missile Turret  
  129  11:42  SCV  
  130  11:50  Marine x5  
  130  11:51  Marine  
  136  11:55  Marauder  
  136  11:58  Medivac  
  140  12:07  Marine  
  141  12:12  Supply Depot  
  141  12:27  SCV x2, Medivac  
  141  12:28  Marauder, SCV  
  148  12:36  Supply Depot  
  147  12:37  Liberator  
  147  12:38  Liberator x2  
  147  12:40  Liberator, SCV  
  147  12:57  Widow Mine x2  
  163  13:08  Missile Turret  
  163  13:11  Refinery  
  163  13:12  Missile Turret  
  163  13:18  Widow Mine x2  
  167  13:38  Missile Turret  
  167  13:40  Missile Turret  
  152  13:48  Marine x3  
  152  13:49  Marine x4  
Tags
 
Add a new tag
Caveats
  • Supply blocks, unpowered buildings, or Contaminate may cause inaccurate times.
  • Supply counts are checked every 10 seconds.